 Dungeon Crawl Stone Soup version 0.29-a0-270-g1586fc07ea (webtiles) character file.

Game seed: 5631430382649947139

530 siradein the Grave Robber (level 7, -3/51 HPs)
             Began as a Vampire Necromancer on Mar 7, 2022.
             Slain by a gnoll
             ... wielding a +0 flail
              (6 damage)
             ... on level 3 of the Dungeon.
             The game lasted 00:06:07 (2587 turns).

siradein the Grave Robber (Vampire Necromancer)     Turns: 2587, Time: 00:06:08

Health: -3/51      AC:  7    Str:  7    XL:     7   Next: 3%
Magic:  12/12      EV: 13    Int: 19    God:
Gold:   198        SH:  0    Dex: 15    Spells: 4/12 levels left

rFire   . . .      SeeInvis +   e - +0 rapier
rCold   . . .      Faith    .   (no shield)
rNeg    . . .      Spirit   .   g - +0 leather armour
rPois   .          Reflect  .   (no helmet)
rElec   .          Harm     .   (no cloak)
rCorr   .          Rampage  .   (no gloves)
Will    .....                   (no boots)
Stlth   +.........              (no amulet)
HPRegen 0.37/turn               f - +4 ring of protection
MPRegen 0.13/turn               (no ring)

@: confused, healing quickly
A: alive, fangs 3, see invisible, vampiric 2
a: Exsanguinate


You were on level 3 of the Dungeon.
You visited 1 branch of the dungeon, and saw 3 of its levels.
You also visited: Sewer.

You collected 198 gold pieces.

Inventory:

Hand Weapons
 e - a +0 rapier (weapon)
 h - a +1 dagger of flaming
 p - the +6 mace of the Revolution {drain, rF- Str+3 SInv}
   (You found it on level 3 of the Dungeon)

   A truly terrible weapon, it drains the life of any living foe it strikes.
   Str:       It affects your strength (+3).
   rF:        It makes you vulnerable to fire.
   SInv:      It lets you see invisible.
Armour
 g - a +0 leather armour (worn)
Jewellery
 f - a +4 ring of protection (left hand)
Scrolls
 a - a scroll of vulnerability {unknown}
 i - 2 scrolls of amnesia {unknown}
 j - a scroll of brand weapon {unknown}
 k - a scroll of immolation {unknown}
 m - a scroll of teleportation {unknown}
Potions
 b - a potion of magic
 c - 2 potions of ambrosia {unknown}
 d - a potion of degeneration {unknown}
 l - a potion of curing {unknown}
 n - 5 potions of heal wounds
 o - 2 potions of resistance {unknown}
 q - a potion of invisibility {unknown}
 r - 4 potions of flight
 s - a potion of might {unknown}


   Skills:
 + Level 2.7 Fighting
 + Level 4.2 Dodging
 - Level 3.0 Stealth
 + Level 3.4 Spellcasting
 * Level 6.8 Necromancy


You had 4 spell levels left.
You knew the following spells:

 Your Spells              Type           Power      Damage    Failure   Level
a - Pain                  Necr           100%       1d9       1%          1
b - Vampiric Draining     Necr           29%        2d8       3%          3
c - Animate Dead          Necr           14%        N/A       13%         4

Your spell library contained the following spells:

 Spells                   Type           Power      Damage    Failure   Level
 Animate Skeleton         Necr           58%        N/A       1%          1
 Agony                    Necr           29%        N/A       34%         5
 Fireball                 Conj/Fire      1%         3d3       99%         5
 Iskenderun's Battlesphe  Conj           3%         2d6       99%         5
 Conjure Ball Lightning   Conj/Air       1%         3x3d6     100%        6
 Orb of Destruction       Conj           1%         9d5       100%        7


Dungeon Overview and Level Annotations

Branches:
Dungeon (3/15)              Sewer (visited)

Altars:
Nemelex Xobeh
Zin

Annotations:
D:1 2 transporters


Innate Abilities, Weirdness & Mutations

Your natural rate of healing is accelerated.
You have razor-sharp teeth.
You have supernaturally acute eyesight. (SInv)
You are afflicted with vampirism and can become a bat while bloodless.


Message History

The orc hits you with a +0 trident.
The orc shouts!
You hit the orc but do no damage.
The orc is almost dead.
The orc misses you.
You barely miss the orc. You bite the orc.
You kill the orc!
You hear a splash.
You enter the shallow water.
Moving in this stuff is going to be slow.
You see here a +0 trident.
The orc wizard points at you and mumbles some strange words.
The magic dart hits you!
* * * LOW HITPOINT WARNING * * *
The orc misses you. x2
You hit the orc.
The orc is moderately wounded.
The orc wizard casts a spell at you. The puff of flame hits you.
* * * LOW HITPOINT WARNING * * *
The orc hits you but does no damage.
An orc comes into view. It is wielding a +0 mace.
The orc misses you. The orc hits you but does no damage.
The orc wizard points at you and mumbles some strange words.
You are confused.
The orc shouts!
You hear a shout!
You closely miss the orc.
The orc is moderately wounded.
The orc wizard gestures at you while chanting.
You are more confused.
You bump into the rock wall.
A gnoll comes into view. It is wielding a +0 flail.
The orc hits you with a +0 short sword.
* * * LOW HITPOINT WARNING * * *
You bump into the rock wall.
The gnoll hits you with a +0 flail.
* * * LOW HITPOINT WARNING * * *
The orc barely misses you.
You bump into the rock wall.
The gnoll hits you with a +0 flail.
You die...

#....# #'##
#####''''#############...
.....g....).))...!.).#gg.
#
≈≈≈≈≈....)≈≈≈≈≈≈≈≈≈≈≈####
≈
≈≈≈≈≈....≈≈≈≈≈≈≈≈≈≈≈≈≈≈≈≈
≈
≈≈≈≈≈o.o.≈≈≈≈≈≈≈≈≈≈≈≈≈≈≈≈
.
................)........
#
#######g#################
#o@)......# #...#..
######## #####.###.#
#.#.#.# .......# #.#
#.#.#.# ..†....#
#####.#####.#.#...#
.......#
#...........#...###
.......#
#####+###.#########.#
.......#
#...................#
.......#
#...........#########
........###........##.##


You could see an orc wizard (invisible), 2 gnolls and 2 orcs.

Vanquished Creatures
  A black bear (D:2)
  2 kobold brigands (Sewer)
  2 howler monkeys (D:3)
  A jelly (D:3)
  A hound (D:3)
  5 gnolls (D:3)
  3 adders
  A river rat (Sewer)
  4 worms
  4 orcs (D:3)
  2 ball pythons
  4 endoplasms
  3 giant cockroaches
  17 jackals
  6 kobolds
  2 quokkas (D:3)
  2 bats (D:1)
  2 frilled lizards
  2 goblins (D:2)
  11 rats
75 creatures vanquished.

Vanquished Creatures (others)
  A fungus (D:3)
  3 plants (D:3)
4 creatures vanquished.

Grand Total: 79 creatures vanquished

Notes
Turn   | Place    | Note
-------+----------+-------------------------------------------
     0 | D:1      | siradein the Vampire Necromancer began the quest for the
                  | Orb.
     0 | D:1      | Reached XP level 1. HP: 13/13 MP: 3/3
   660 | D:1      | Reached XP level 2. HP: 20/20 MP: 5/5
   905 | D:2      | Gained mutation: You are afflicted with vampirism and can
                  | become a bat while bloodless. [Vampire growth]
   905 | D:2      | Reached XP level 3. HP: 25/25 MP: 6/6
   924 | D:2      | Noticed a black bear
   930 | D:2      | Learned a level 3 spell: Vampiric Draining
  1116 | D:2      | Reached skill level 1 in Fighting
  1116 | D:2      | Reached skill level 5 in Necromancy
  1323 | D:2      | Killed a black bear
  1324 | D:2      | Reached XP level 4. HP: 9/32 MP: 1/8
  1464 | D:2      | Identified the +0 ring mail of the Camelopard {Int+2
                  | Slay+5}
  1473 | D:2      | Reached XP level 5. HP: 38/38 MP: 7/9
  1478 | D:2      | Learned a level 4 spell: Animate Dead
  1517 | D:2      | You fall into a shaft and drop 1 floor!
  1530 | D:3      | Identified the +6 mace of the Revolution {drain, rF- Str+3
                  | SInv}
  1715 | D:3      | Reached skill level 6 in Necromancy
  1797 | D:3      | Reached XP level 6. HP: 42/44 MP: 10/10
  1828 | D:3      | Found a sparkling altar of Nemelex Xobeh.
  1946 | D:3      | Found a glowing drain.
  1950 | Sewer    | Entered a sewer
  2562 | D:3      | Reached XP level 7. HP: 37/51 MP: 12/12
  2586 | D:3      | HP: 2/51 [gnoll/+0 flail (3)]
  2587 | D:3      | Slain by a gnoll

Illustrated notes

Levels and vault maps discovered:
D:1:      spicycebolla_arrival_teleporter_tutorial, layout_basic
D:2:      kb_forest_paths, layout_basic, minmay_misc_feat_hallway,
          minmay_pentomino_s4
D:3:      lemuel_castle_with_subvaults [lemuel_castle_interior_carwin_3],
          layout_basic, zin_treasury, amcnicky_altar_gilded,
          gup_sewer_entry_bowl

Skill      XL: |  1  2  3  4  5  6 |
---------------+-------------------+-----
Fighting       | 1 2 |  2.7
Necromancy     | 5 6 |  6.8
Dodging        | 3 4 |  4.2
Spellcasting   | 3 |  3.4
Stealth        | |  3.0

Action                   |  1- 3 |  4- 6 |  7- 9 || total
-------------------------+-------+-------+-------++-------
Melee: Rapier            |    61 |    38 |    14 ||   113
       Unarmed           |     5 |       |       ||     5
       Bite              |    11 |    14 |     3 ||    28
       Mace              |       |    96 |       ||    96
       Punch             |       |     1 |       ||     1
 Cast: Pain              |     4 |     1 |       ||     5
       Vampiric Draining |     1 |       |       ||     1
 Stab: Sleeping          |     3 |     4 |       ||     7
Armor: Robe              |     5 |       |       ||     5
       Leather armour    |    35 |    59 |     2 ||    96
Dodge: Dodged            |    61 |   148 |    16 ||   225

Table legend: (Time is in decaauts)
 A = Elapsed time spent in this place.
 B = Non-inter-level travel time spent in this place.
 C = Inter-level travel time spent in this place.
 D = Time resting spent in this place.
 E = Time spent auto-exploring this place.
 F = Levels seen in this place.
 G = Mean time per level.
                   A        B        C        D        E       F      G
               +--------+--------+--------+--------+--------+-----+--------+
         Total |   2695 |   2676 |     19 |      0 |   1631 |   4 |  673.8 |
       Dungeon |   2447 |   2428 |     19 |      0 |   1507 |   3 |  815.7 |
         Sewer |    248 |    248 |      0 |      0 |    124 |   1 |  248.0 |
               +--------+--------+--------+--------+--------+-----+--------+

Top non-repeatable levels by time:
     D:3: 915 daAuts
     D:1: 852 daAuts
     D:2: 679 daAuts
   Sewer: 248 daAuts
